 Dungeon Crawl Stone Soup version 0.32-a0-975-g85d4e5bfdb (webtiles) character file.

Game seed: 8490849509095848126

2825 kae the Mimic (level 9, -3/55 HPs)
             Began as a Demonspawn Shapeshifter on Apr 18, 2024.
             Was an Initiate of Ru.
             Shot with an arrow by a centaur (11 damage)
             ... on level 6 of the Dungeon.
             The game lasted 00:07:11 (7521 turns).

kae the Mimic (Demonspawn Shapeshifter)             Turns: 7521, Time: 00:07:12

Health: -3/55      AC:  3    Str: 15    XL:     9   Next: 45%
Magic:  9/9        EV: 12    Int: 11    God:    Ru [......]
Gold:   258        SH:  0    Dex: 16    Spells: 5/8 levels left

rFire   x .          .
                       - Unarmed
rCold   + . .        (shield currently unavailable)
rNeg    . . .        a - +1 animal skin
rPois   +            (helmet restricted)
rElec   +            (no cloak)
rCorr   .            (gloves currently unavailable)
SInv    .            (no boots)
Will    +....        (no amulet)
Stlth   ++           P - ring of poison resistance
HPRegen 0.29/turn    j - ring of Gutitok {Ice rElec Will+}
MPRegen 0.11/turn

%: no passive effects
@: blade hands, wreathed by umbra
A: reduced hp, horns 1, ignite blood 2, sharp scales 2, foul shadow 1
a: Begin Untransformation, Renounce Religion


You were on level 6 of the Dungeon.
You worshipped Ru.
Ru was noncommittal.
You had blades for hands.
You visited 1 branch of the dungeon, and saw 6 of its levels.

You collected 258 gold pieces.


Innate Abilities, Weirdness & Mutations

You have blades for hands.
Your maximum health is decreased, since you lack skill for your form.
You are incapable of wielding weapons or throwing items.
You have a pair of small horns on your head.
Your demonic aura often causes spilled blood to erupt in flames.
You are mostly covered in razor-sharp scales. (AC +2, Slay +2)
You are faintly shadowed, very rarely releasing foul flame when damaged in melee.


   Skills:
 + Level 2.3 Fighting
 + Level 2.6 Dodging
 + Level 7.4 Unarmed Combat
 + Level 9.1 Shapeshifting


You had 5 spell levels left.
You knew the following spells:

 Your Spells              Type           Power      Damage    Failure   Level
a - Blink                 Tloc           0%         N/A       47%         2
b - Slow                  Hex            0%         N/A       34%         1

Your spell library contained the following spells:

 Spells                   Type           Power      Damage    Failure   Level
 Freeze                   Ice            0%         1d3       34%         1
 Summon Small Mammal      Summ           0%         N/A       34%         1
 Lesser Beckoning         Tloc           0%         N/A       47%         2
 Momentum Strike          Conj/Tloc      0%         3d8       47%         2
 Scorch                   Fire           0%         2d5       47%         2
 Call Canine Familiar     Summ           0%         N/A       71%         3
 Confusing Touch          Hex            0%         N/A       71%         3
 Frozen Ramparts          Ice            0%         1d1       71%         3
 Hailstorm                Conj/Ice       0%         3d5       71%         3
 Sigil of Binding         Hex            0%         N/A       71%         3
 Tukima's Dance           Hex            0%         N/A       71%         3
 Vampiric Draining        Necr           0%         2d6       71%         3
 Anguish                  Hex/Necr       0%         N/A       98%         4
 Animate Dead             Necr           0%         N/A       98%         4
 Cause Fear               Hex            0%         N/A       98%         4
 Flame Wave               Conj/Fire      0%         2d4       98%         4
 Passage of Golubria      Tloc           0%         N/A       98%         4
 Summon Blazeheart Golem  Fire/Summ      0%         N/A       98%         4
 Borgnjor's Vile Clutch   Necr/Erth      0%         N/A       100%        5
 Yara's Violent Unravell  Hex/Alch       0%         3d3       100%        5
 Death Channel            Necr           0%         N/A       100%        6
 Summon Cactus Giant      Summ           0%         N/A       100%        6
 Enfeeble                 Hex            0%         N/A       100%        7

Inventory:

Missiles
 e - 12 boomerangs (quivered)
 f - 14 poisoned darts
 i - 71 stones
 l - 3 javelins
Armour
 a - a +1 animal skin (worn)
 t - the +5 leather armour of Periwinkles {*Corrode rPois Str+3 Int-3}
   (You found it on level 5 of the Dungeon)

   Str+3:     It affects your strength (+3).
   Int-3:     It affects your intelligence (-3).
   rPois:     It protects you from poison.
   *Corrode:  It may corrode you when you take damage.
Jewellery
 j - the ring of Gutitok (right blade hand) {Ice rElec Will+}
   (You found it on level 4 of the Dungeon)

   [ring of ice]

   Ice:       It enhances your ice magic.
   rF-:       It makes you vulnerable to fire.
   rC+:       It protects you from cold.
   rElec:     It insulates you from electricity.
   Will+:     It increases your willpower.
 P - a ring of poison resistance (left blade hand)
   (You found it on level 4 of the Dungeon)
Talismans
 c - a beast talisman
 d - a flux talisman
 m - a blade talisman (active)
   (You found it on level 3 of the Dungeon)
Wands
 u - a wand of quicksilver (11)
   (You found it on level 4 of the Dungeon)
 v - a wand of flame (20)
   (You took it off Edmund on level 5 of the Dungeon)
Scrolls
 k - a scroll of immolation {!r!r}
 o - a scroll of amnesia
 s - a scroll of noise {!r}
Potions
 b - 2 potions of lignification {!q}
 g - a potion of brilliance {unknown}
 h - a potion of resistance
 n - a potion of haste {unknown}
 p - a potion of enlightenment {unknown}
 q - 3 potions of curing {@q1}
 r - a potion of invisibility

Dungeon Overview and Level Annotations

Branches:
Dungeon (6/15) Zot: 25928  Temple (0/1) D:5

Altars:
Cheibriados
Fedhas
Nemelex Xobeh
Okawaru
Qazlal
Ru
Uskayaw
Yredelemnul

Shops:
D:1 [   D:4 =

Annotations:
D:5 1 runed translucent door, Crazy Yiuf

#...#...# .######... #..<..#
#.#. .######... #....## ...
..........
#..!..#####..#...######...
#.........#...#...######...
...........................)
.D................#..###.....
l............§...............
...o.c......@.............###
........§§......####..#..
........§.......#..'))#..
.....##.........#..#.)#'#
.... #..°.......####).#.. ###
#................'..
#................###
#...#..###.####...#. #......#
#.#..'...#.


You could see a centaur.


Message History

You see here a +0 whip.
q - 3 potions of curing {@q1} (gained 1)
Things that are here:
a +0 whip; a kobold corpse Key pressed, stopping explore.
Things that are here:
a +0 morningstar; a +0 ring mail; a +0 buckler
There is an open door here.
There is an open door here.
There is an open door here.
There is an open door here.
An orc comes into view. It is wielding a +0 flail.
The orc moves out of view. 😎 HP[+44]
Your hp is fully restored (55). 2 orcs come into view.
The orc shouts!
There are monsters nearby!
There are monsters nearby!
There are monsters nearby! 2 orcs come into view.
The orc shouts!
An orc comes into view. It is wielding a +0 club.
The orc hits you with a +0 falchion. The orc barely misses you. 😕 HP[-6]
You take 6 damage, and now have 49/55 hp.
You closely miss the orc. The orc closely misses you.
The orc hits you with a +0 flail.
The orc is seared by the foul flame within you.
The orc shouts!
You slash the orc!
You kill the orc!
The orc hits you with a +0 mace.
The orc hits you with a +0 falchion. 😮 HP[-14]
You take 14 damage, and now have 35/55 hp.
MASSIVE DAMAGE!! (PAUSE)
You hit the orc. You headbutt the orc.
You kill the orc! 😮 HP[+1]
You slash the orc!
You kill the orc!
You slice the orc!!
You kill the orc!
You barely miss the orc. The orc closely misses you.
You slice the orc!!
You kill the orc! 😮 HP[+1]
Items here: )) [ †.
You start resting. 😕 HP[+9]
You regained 9 hp, and now have 46/55 hp.
The steam dragon hisses angrily. 😎 HP[+9]
Your hp is fully restored (55).
A steam dragon is nearby!
A steam dragon is nearby!
A steam dragon is nearby!
The steam dragon breathes steam at you. The ball of steam hits you!!
The steam scalds you terribly!
You hear a shout! 😮 HP[-21]
You take 21 damage, and now have 34/55 hp.
MASSIVE DAMAGE!! (PAUSE) Unknown command.
Unknown command.
Unknown command.
Unknown command.
Unknown command. 😮 HP[+1]
You slice the steam dragon!! The steam dragon breathes steam at you.
The ball of steam hits you! The steam scalds you terribly!
* * * LOW HITPOINT WARNING * * *
😨 HP[-12]
You take 12 damage, and now have 23/55 hp.
MASSIVE DAMAGE!! (PAUSE)
You barely miss the steam dragon. You headbutt the steam dragon.
You are engulfed in a cloud of scalding steam.
* * * LOW HITPOINT WARNING * * *
The steam dragon bites you.
* * * LOW HITPOINT WARNING * * *
The steam dragon barely misses you. 😱 HP[-14]
You take 14 damage, and now have 9/55 hp.
MASSIVE DAMAGE!! (PAUSE)
You slash the steam dragon!
You kill the steam dragon!
You are engulfed in a cloud of scalding steam.
* * * LOW HITPOINT WARNING * * *
😱 HP[-3]
You take 3 damage, and now have 6/55 hp.
Unknown command. 😱 HP[+1] Unknown command.
Unknown command.
A centaur comes into view.
The centaur wields a +0 shortbow.
The centaur shoots an arrow.
The arrow hits you!
You die...
Ru respects your ultimate sacrifice.

Skill      XL: |  1  2  3  4  5  6  7  8  9 |
---------------+----------------------------+-----
Shapeshifting  | 3 4 5 7 8 9 |  9.1
Unarmed Combat | 3 4 5 6 7 |  7.4
Dodging        | 2 |  2.6
Fighting       | 2 |  2.3

Action                     |  1- 3 |  4- 6 |  7- 9 || total
---------------------------+-------+-------+-------++-------
  Melee: Unarmed           |   118 |   149 |   212 ||   479
         Punch             |     1 |     7 |     1 ||     9
         Headbutt          |       |       |    18 ||    18
 Invoke: Reject Sacrifices |       |       |     1 ||     1
    Use: Scroll            |     1 |     8 |     3 ||    12
         Potion            |       |     2 |       ||     2
   Stab: Sleeping          |       |     1 |       ||     1
 Armour: Animal skin       |    81 |    66 |    41 ||   188
         Skin              |       |    54 |    49 ||   103
  Dodge: Dodged            |    86 |    81 |   134 ||   301
   Form: Flux              |       |     1 |       ||     1
         Blade             |       |       |     1 ||     1

Levels and vault maps discovered:
D:1:      minmay_arrival_jagged, layout_basic, serial_shops,
          nicolae_shop_competitors_out_of_business,
          shapermc_ecumenical_altar_mp_urbaneastern, minivault_26,
          minmay_tetromino_t2
D:2:      minmay_general_purpose_star, layout_basic, nicolae_hexahallways
D:3:      layout_loops_corners, grunt_temple_overflow_open, serial_undead,
          serial_undead_a, serial_undead_a, serial_undead_e, serial_undead_b,
          kennysheep_pointless_box, minmay_door_square
D:4:      layout_cave_pools, mainiacjoe_overflow_swirl, serial_shops,
          nicolae_square_shop, serial_bayou, serial_bayou_crossing,
          serial_bayou_shore_a, serial_bayou_lake_a, serial_bayou_ford_a,
          uniq_sigmund, uniq_pikel, uniq_grinder, uniq_blork_the_orc
D:5:      layout_loops_ring, lemuel_round_altar,
          minmay_temple_entry_enclosed_plants, uniq_crazy_yiuf_cottage,
          uniq_edmund, uniq_duvessa, uniq_menkaure
D:6:      corexii_shack_village, layout_rooms,
          pdpol_temple_overflow_zin_treasury_gozag_greed,
          nicolae_elyvilon_peaceful_grove, dk_noncrumbling_4,
          kennysheep_generic_room_5

Notes
Turn   | Place    | Note
-------+----------+-------------------------------------------
     0 | D:1      | kae the Demonspawn Shapeshifter began the quest for the
                  | Orb.
     0 | D:1      | Reached XP level 1. HP: 15/15 MP: 1/1
     0 | D:1      | magus.rc [v1.11.3]
   170 | D:1      | Found Agykk's Antique Armour Shop.
   188 | D:1      | Reached skill level 3 in Shapeshifting
   218 | D:1      | Gained mutation: Your demonic aura sometimes causes spilled
                  | blood to erupt in flames. [demonic ancestry]
   218 | D:1      | Reached XP level 2. HP: 19/21 MP: 2/2
   288 | D:1      | You pick up a book of Spatial Translocations and begin
                  | reading...
   288 | D:1      | You add the spells Blink, Momentum Strike and Lesser
                  | Beckoning to your library.
   313 | D:1      | Reached skill level 3 in Unarmed Combat
   526 | D:1      | Found a faded altar of an unknown god.
   830 | D:1      | Gained mutation: Your demonic aura often causes spilled
                  | blood to erupt in flames. [demonic ancestry]
   830 | D:1      | Reached XP level 3. HP: 23/26 MP: 3/3
   833 | D:1      | Learned a level 2 spell: Blink
  1203 | D:2      | HP: 6/26 [gnoll/+0 halberd (14)]
  1712 | D:2      | You pick up a book of Debilitation and begin reading...
  1712 | D:2      | You add the spells Slow, Vampiric Draining and Confusing
                  | Touch to your library.
  1747 | D:2      | Identified the +1 hand axe of Locus Delicti {antimagic,
                  | ^Contam Int-2 Dex+4 Stlth+}
  1824 | D:2      | Reached XP level 4. HP: 32/32 MP: 4/4
  1894 | D:2      | Reached skill level 4 in Shapeshifting
  1968 | D:2      | You pick up a book of Unlife and begin reading...
  1968 | D:2      | You add the spells Animate Dead, Borgnjor's Vile Clutch and
                  | Death Channel to your library.
  2079 | D:2      | You add the spells Tukima's Dance, Passage of Golubria and
                  | Yara's Violent Unravelling to your library.
  2286 | D:3      | Found a snail-covered altar of Cheibriados.
  2286 | D:3      | Found a hide-covered altar of Uskayaw.
  2287 | D:3      | Found a sacrificial altar of Ru.
  2287 | D:3      | Found a sparkling altar of Nemelex Xobeh.
  2287 | D:3      | Found a basalt altar of Yredelemnul.
  2292 | D:3      | Became a worshipper of Ru the Awakened
  2428 | D:3      | Gained mutation: You are partially covered in razor-sharp
                  | scales. (AC +1, Slay +1) [demonic ancestry]
  2428 | D:3      | Reached XP level 5. HP: 20/37 MP: 5/5
  2848 | D:3      | Reached skill level 4 in Unarmed Combat
  3281 | D:3      | Learned a level 1 spell: Slow
  3310 | D:4      | Noticed a phantom
  3324 | D:4      | Noticed Blork the orc
  3331 | D:4      | Killed a phantom
  3332 | D:4      | Reached skill level 5 in Shapeshifting
  3332 | D:4      | Gained mutation: You are mostly covered in razor-sharp
                  | scales. (AC +2, Slay +2) [demonic ancestry]
  3332 | D:4      | Reached XP level 6. HP: 23/43 MP: 6/6
  3339 | D:4      | HP: 12/64 [Blork the orc/+0 long sword of protection (8)]
  3346 | D:4      | HP: 16/96 [Blork the orc/+0 long sword of protection (3)]
  3347 | D:4      | Killed Blork the orc
  3351 | D:4      | HP: 15/96 [adder (1)]
  3515 | D:4      | You pick up a book of Scorching and begin reading...
  3515 | D:4      | You add the spells Scorch, Flame Wave and Summon Cactus
                  | Giant to your library.
  3553 | D:4      | Noticed Pikel
  3660 | D:4      | Noticed Grinder
  3661 | D:4      | Paralysed by Grinder for 2 turns
  3699 | D:4      | Found Rafeof's Jewellery Shop.
  3710 | D:4      | Paralysed by Grinder for 2 turns
  3720 | D:3      | Paralysed by Grinder for 4 turns
  3737 | D:3      | Killed Grinder
  3738 | D:3      | Gained mutation: You are faintly shadowed, very rarely
                  | releasing foul flame when damaged in melee. [demonic
                  | ancestry]
  3738 | D:3      | Reached XP level 7. HP: 36/48 MP: 7/7
  3792 | D:3      | Killed Pikel
  3793 | D:3      | Reached skill level 5 in Unarmed Combat
  3793 | D:3      | Reached skill level 7 in Shapeshifting
  3793 | D:3      | Reached XP level 8. HP: 28/54 MP: 8/8
  4003 | D:4      | Noticed Sigmund
  4017 | D:4      | Killed Sigmund
  4018 | D:4      | Reached skill level 6 in Unarmed Combat
  4128 | D:4      | You pick up a book of Hexes and begin reading...
  4128 | D:4      | You add the spells Sigil of Binding, Anguish, Cause Fear
                  | and Enfeeble to your library.
  4132 | D:4      | Identified the ring of Gutitok {Ice rElec Will+}
  4341 | D:4      | Found a blossoming altar of Fedhas.
  4506 | D:4      | You pick up a book of Callings and begin reading...
  4506 | D:4      | You add the spells Summon Small Mammal, Call Canine
                  | Familiar and Summon Blazeheart Golem to your library.
  4540 | D:4      | Found an iron altar of Okawaru.
  4834 | D:5      | Entered Level 5 of the Dungeon
  4834 | D:5      | Noticed Edmund
  4982 | D:5      | Identified the +5 leather armour of Periwinkles {*Corrode
                  | rPois Str+3 Int-3}
  5133 | D:5      | Noticed Menkaure
  5149 | D:5      | Killed Menkaure
  5150 | D:5      | Reached skill level 8 in Shapeshifting
  5459 | D:5      | Found a runed translucent door.
  5460 | D:5      | Noticed Crazy Yiuf
  5695 | D:5      | Found a staircase to the Ecumenical Temple.
  5700 | D:5      | Gained mutation: You have a pair of small horns on your
                  | head. [demonic ancestry]
  5700 | D:5      | Reached XP level 9. HP: 54/59 MP: 9/9
  5759 | D:5      | You pick up a book of Frost and begin reading...
  5759 | D:5      | You add the spells Freeze, Frozen Ramparts and Hailstorm to
                  | your library.
  5810 | D:5      | Found a stormy altar of Qazlal.
  5836 | D:5      | Noticed Duvessa
  5836 | D:5      | Noticed Dowan
  5842 | D:5      | Killed Duvessa
  5845 | D:5      | Killed Dowan
  5846 | D:5      | Reached skill level 7 in Unarmed Combat
  6087 | D:5      | Killed Edmund
  6680 | D:6      | Reached skill level 2 in Dodging
  6894 | D:6      | Reached skill level 9 in Shapeshifting
  7218 | D:6      | HP: 13/55 [orc/+0 flail (7)]
  7219 | D:6      | Reached skill level 2 in Fighting
  7516 | D:6      | HP: 9/55 [steam dragon (5)]
  7521 | D:6      | Shot with an arrow by a centaur

Vanquished Creatures
  Pikel (D:3)
  Grinder (D:3)
  Sigmund (D:4)
  A steam dragon (D:6)
  Menkaure (D:5)
  Edmund (D:5)
  Duvessa (D:5)
  3 ogres
  A lemure (D:3)
  A phantom (D:4)
  Blork the orc (D:4)
  A gnoll sergeant (D:6)
  2 scorpions (D:4)
  Dowan (D:5)
  A howler monkey (D:6)
  3 bombardier beetles
  2 hounds
  2 jellies (D:4)
  3 orc priests
  2 gnoll boudas
  3 iguanas
  A scorpion zombie (D:3)
  2 orc wizards (D:6)
  A hound skeleton (D:3)
  17 gnolls
  7 adders
  2 ufetubi (D:5)
  An adder skeleton (D:3)
  2 ribbon worms
  2 dart slugs
  28 orcs
  2 endoplasms
  4 giant cockroaches
  7 goblins
  3 hobgoblins
  6 quokkas
  7 ball pythons
  11 bats
  7 frilled lizards
  A giant cockroach zombie (D:3)
  11 kobolds
  A quokka skeleton (D:3)
  9 rats
165 creatures vanquished.

Table legend:
 A = Non-vault XP
 B = Vault XP
 C = Vault XP percentage of total XP
 D = Non-vault monster count
 E = Vault monster count
 F = Vault count percentage of total count
                 A         B        C        D         E       F
            +---------+---------+-------+---------+---------+-------
      Total |    2162 |    1875 |  46.4 |     137 |      27 |  16.5
            +---------+---------+-------+---------+---------+-------
        D:1 |      44 |       3 |   6.4 |      29 |       2 |   6.5
        D:2 |      89 |      25 |  21.9 |      16 |       5 |  23.8
        D:3 |     121 |     970 |  88.9 |      21 |       7 |  25.0
        D:4 |     567 |     325 |  36.4 |      17 |       2 |  10.5
        D:5 |     573 |     537 |  48.4 |      21 |       4 |  16.0
        D:6 |     768 |      15 |   1.9 |      33 |       7 |  17.5
            +---------+---------+-------+---------+---------+-------

Skill      XL: |  1  2  3  4  5  6  7  8  9 |
---------------+----------------------------+-----
Shapeshifting  | 3 4 5 7 8 9 |  9.1
Unarmed Combat | 3 4 5 6 7 |  7.4
Dodging        | 2 |  2.6
Fighting       | 2 |  2.3

Action                     |  1- 3 |  4- 6 |  7- 9 || total
---------------------------+-------+-------+-------++-------
  Melee: Unarmed           |   118 |   149 |   212 ||   479
         Punch             |     1 |     7 |     1 ||     9
         Headbutt          |       |       |    18 ||    18
 Invoke: Reject Sacrifices |       |       |     1 ||     1
    Use: Scroll            |     1 |     8 |     3 ||    12
         Potion            |       |     2 |       ||     2
   Stab: Sleeping          |       |     1 |       ||     1
 Armour: Animal skin       |    81 |    66 |    41 ||   188
         Skin              |       |    54 |    49 ||   103
  Dodge: Dodged            |    86 |    81 |   134 ||   301
   Form: Flux              |       |     1 |       ||     1
         Blade             |       |       |     1 ||     1

Illustrated notes

Table legend:
 A = Kills in this place as a percentage of kills in the entire game.
 B = Kills by you in this place as a percentage of kills by you in the entire game.
 C = Kills by friends in this place as a percentage of kills by friends in the entire game.
 D = Other kills in this place as a percentage of other kills in the entire game.
 E = Experience gained in this place as a percentage of experience gained in the entire game.
 F = Experience gained in this place divided by the number of levels of this place that you have seen.
                   A       B       C       D       E      F
               +-------+-------+-------+-------+-------+----------------------
         Total | 100.0 | 100.0 |   N/A |   N/A | 100.0 | 672.8
       Dungeon | 100.0 | 100.0 |   N/A |   N/A | 100.0 | 672.8
               +-------+-------+-------+-------+-------+----------------------

Table legend: (Time is in decaauts)
 A = Elapsed time spent in this place.
 B = Non-inter-level travel time spent in this place.
 C = Inter-level travel time spent in this place.
 D = Time resting spent in this place.
 E = Time spent auto-exploring this place.
 F = Levels seen in this place.
 G = Mean time per level.
                   A        B        C        D        E       F      G
               +--------+--------+--------+--------+--------+-----+--------+
         Total |   7535 |   7228 |    307 |   1274 |   4674 |   6 | 1255.8 |
       Dungeon |   7535 |   7228 |    307 |   1274 |   4674 |   6 | 1255.8 |
               +--------+--------+--------+--------+--------+-----+--------+

Top non-repeatable levels by time:
     D:5: 1533 daAuts
     D:4: 1476 daAuts
     D:3: 1352 daAuts
     D:2: 1142 daAuts
     D:1: 1082 daAuts
     D:6: 947 daAuts
